Cogmind - Beta 12 @@@ ROGUE MODE // 2023.08.02 @ 23:03:22 Player: onura46 Result: Destroyed by as-33480 with Assembled Blade Performance ------------- Evolutions (1) 500 Regions Visited (3) 600 Robots Destroyed (26) 130 Value Destroyed (581) 581 Prototype IDs (2) 40 Alien Tech Used (0) 0 Bonus (0) 0 TOTAL SCORE: 1851 Bonus ------- None Cogmind --------- Core Integrity 0/400 Matter 300/300 Energy 95/100 System Corruption 8% Temperature Cool (0) Movement Core (100) Ox1 Location -9/Mines Parts ------- > --- POWER (1) -------- (None) > --- PROPULSION (2) --- (None) > --- UTILITY (4) ------ Small Storage Unit > --- WEAPON (2) ------- (None) > --- INVENTORY (8) ---- Small Storage Unit ECM Suite Peak State ------------ > --- POWER ------------ Light Ion Engine > --- PROPULSION ------- Advanced Treads Advanced Treads > --- UTILITY ---------- Improved Heat Sink Improved Terrain Scanner Seismic Detector Core Shielding > --- WEAPON ----------- Small Laser Small Laser > --- INVENTORY -------- Small Storage Unit Sensor Array ECM Suite Hardlight Generator [Rating: 17] Favorites ----------- Power Light Ion Engine Engine Light Ion Engine Propulsion Light Treads Treads Light Treads Utility Seismic Detector Device Seismic Detector Storage Small Storage Unit Protection Core Shielding Weapon Small Laser Energy Gun Small Laser Build | -11 -10 -9 -9 ------- Run | Jun Mat Mat Min Slots Evolved 2 | . . 2 . Power . | . . . . Propulsion . | . . . . Utility 2 | . . 2 . Weapon . | . . . . Parts Attached 24 | 7 . 15 2 Power 5 | 1 . 3 1 Engine 5 | 1 . 3 1 Core . | . . . . Reactor . | . . . . Propulsion 5 | 2 . 2 1 Treads 5 | 2 . 2 1 Leg . | . . . . Wheel . | . . . . Hover . | . . . . Flight . | . . . . Utility 10 | 2 . 8 . Device 7 | 2 . 5 . Storage 2 | . . 2 . Processor . | . . . . Hackware . | . . . . Protection 1 | . . 1 . Artifact . | . . . . Weapon 4 | 2 . 2 . Energy Gun 4 | 2 . 2 . Energy Cannon . | . . . . Ballistic Gun . | . . . . Ballistic Cannon . | . . . . Launcher . | . . . . Special Weapon . | . . . . Impact Weapon . | . . . . Slashing Weapon . | . . . . Piercing Weapon . | . . . . Special Melee Weapon . | . . . . Unidentified Prototypes . | . . . . Parts Lost 14 | . . 4 10 Power 4 | . . 2 2 Propulsion 3 | . . . 3 Utility 4 | . . 1 3 Weapon 3 | . . 1 2 Highest Loss Streak 10 | . . 3 10 To Critical Strikes . | . . . . Average Slot Usage (%) 96 | . 100 96 77 Engine 11 | . 14 10 8 Treads 23 | . 28 22 16 Device 29 | . 28 29 16 Protection 8 | . . 11 11 Energy Gun 22 | . 28 21 13 Naked Turns . | . . . . Heaviest Build 21 | 7 7 21 21 Greatest Support 44 | 40 40 44 44 Greatest Overweight (x) . | . . . . Average Overweight (x) . | . . . . Largest Inventory Capacity 25 | 5 5 25 8 Average Capacity 5 | 5 5 5 8 Most Carried 5 | 4 5 5 4 Average Carried 3 | 1 3 4 3 Final Capacity 8 | 5 5 8 8 Final Carried 5 | 1 5 4 2 Class Distribution -------------------- 83% | Mutant 16% | Scavenger-Mutant Dominant Class ---------------- Mutant | -10/Materials Mutant | -9/Materials Mutant | -9/Mines Resources | -11 -10 -9 -9 ----------- Run | Jun Mat Mat Min Matter Collected 447 | 270 . 175 2 Remotely . | . . . . Salvage Created 889 | 132 22 735 . Parts 63 | 12 1 50 . Haulers Intercepted . | . . . . Recyclers Shooed 2 | . . 2 . Parts Field Recycled . | . . . . Retrieved Matter . | . . . . Parts Self-Destructed . | . . . . Prevented . | . . . . Kills | -11 -10 -9 -9 ------- Run | Jun Mat Mat Min Combat Hostiles Destroyed 16 | . . 16 . Guns 16 | . . 16 . Classes Destroyed 7 | 2 1 4 . Worker 1 | . 1 . . Tunneler 3 | 3 . . . Recycler 2 | 1 . 1 . Watcher 4 | . . 4 . Swarmer 4 | . . 4 . Grunt 10 | . . 10 . Sentry 2 | . . 2 . Best Kill Streak 4 | 4 1 4 . Combat Bots Only 4 | . . 4 . Max Kills in Single Turn 2 | 1 1 2 . Gunslinging 1 | . . 1 . Exploded . | . . . . Melee . | . . . . Uniques/NPCs Destroyed . | . . . . Combat | -11 -10 -9 -9 -------- Run | Jun Mat Mat Min Damage Taken 1687 | . . 820 867 Core 424 | . . 132 292 Absorbed by Shields 16 | . . 16 . Redirected to Shielding 50 | . . 28 22 Core Remaining (%) 100 | 100 100 . . Volleys Fired 82 | 7 1 71 3 Largest 2 | 2 2 2 1 Hottest 96 | 80 80 96 56 Shots Fired 153 | 14 3 133 3 Gun 153 | 14 3 133 3 Cannon . | . . . . Launcher . | . . . . Special . | . . . . Kinetic . | . . . . Thermal 153 | 14 3 133 3 Explosive . | . . . . Electromagnetic . | . . . . Robot Hit Streak 9 | 3 4 9 1 Robot Miss Streak 3 | 2 . 3 1 Penetration Max . | . . . . Secondary Targets 3 | . . 3 . Max Gunslinging Chain 1 | . . 1 . Shots Hit Robots 94 | 8 1 84 1 Core Hits 47 | 5 1 38 3 Critical Kills . | . . . . Critical Parts Destroyed . | . . . . Critical Strikes . | . . . . Melee Attacks . | . . . . Impact . | . . . . Slashing . | . . . . Piercing . | . . . . Sneak Attacks . | . . . . Combat Hostiles . | . . . . Follow-up Attacks . | . . . . Damage Inflicted 1121 | 99 11 972 39 Guns 1110 | 99 11 972 28 Cannons . | . . . . Explosions . | . . . . Melee . | . . . . Ramming 11 | . . . 11 Kinetic . | . . . . Thermal 1110 | 99 11 972 28 Explosive . | . . . . Electromagnetic . | . . . . Impact . | . . . . Slashing . | . . . . Piercing . | . . . . Highest Corruption 8 | . 5 . 8 Average Corruption 4 | . 4 . 5 Corruption Purged . | . . . . Corruption Blocked . | . . . . Effects 10 | . 10 . . Message Errors 3 | . 3 . . Matter Fused 4 | . 4 . . Heat Flow Errors 1 | . 1 . . Data Loss (major) 1 | . 1 . . Misfires 1 | . 1 . . Overload Shots . | . . . . Overflow Damage . | . . . . Projectiles . | . . . . Explosions . | . . . . Melee . | . . . . Knockbacks . | . . . . Impact . | . . . . Kinetic . | . . . . Secondary . | . . . . Self-Inflicted Damage 3 | . . . 3 Shots . | . . . . Rammed 6 | . . . 6 Targets Rammed 6 | . . . 6 Kicked . | . . . . Crushed . | . . . . Highest Temperature 228 | 56 161 228 59 Average Temperature 64 | 27 60 74 27 Received Heat Transfer 567 | . . 387 180 Effects 1 | . . 1 . Interference 1 | . . 1 . Siege Activations . | . . . . Robots Corrupted . | . . . . Combat Hostiles . | . . . . Parts Fried . | . . . . Impact Corruptions . | . . . . Robots Melted . | . . . . Combat Hostiles . | . . . . Parts Melted 4 | . . 4 . Heat Transferred 2547 | 225 25 2223 74 Parts Sabotaged . | . . . . Parts Stolen . | . . . . Parts Stripped . | . . . . Power Chain Reactions . | . . . . Missiles Intercepted . | . . . . Alert | -11 -10 -9 -9 ------- Run | Jun Mat Mat Min Peak Influence 250 | 20 5 250 53 Initial 53 | . . 1 53 Average 50 | 10 3 82 38 Maximum Alert Level 1 | . . 1 . Low Security (%) 95 | 100 100 92 100 Level 1 4 | . . 7 . Level 2 . | . . . . Level 3 . | . . . . Level 4 . | . . . . Level 5 . | . . . . High Security . | . . . . Max Security . | . . . . Squads Dispatched 2 | . . 2 . Investigation 1 | . . 1 . Extermination . | . . . . Reinforcement 1 | . . 1 . Assault . | . . . . Garrison . | . . . . Intercept . | . . . . Searches Triggered . | . . . . Construction Impeded . | . . . . Haulers Reinforced . | . . . . Active Scanning Responses . | . . . . Cargo Convoy Interrupts . | . . . . Stealth | -11 -10 -9 -9 --------- Run | Jun Mat Mat Min Distress Signals 2 | . . 2 . Communications Jammed . | . . . . Distress Signals . | . . . . Times Spotted 57 | . . 31 26 Peak Tracking Total 20 | . . 6 20 Tactical Retreats 4 | . . 3 1 Traps | -11 -10 -9 -9 ------- Run | Jun Mat Mat Min Traps Triggered 4 | . 3 1 . Indirectly . | . . . . Trap Hack Attempts . | . . . . Triggered . | . . . . Disarmed . | . . . . Reprogrammed . | . . . . Reused . | . . . . Traps Extracted . | . . . . Installed . | . . . . Triggered . | . . . . Machines | -11 -10 -9 -9 ---------- Run | Jun Mat Mat Min Machines Disabled . | . . . . Max in Single Turn . | . . . . Machines Repaired . | . . . . Machines Sabotaged . | . . . . Overloaded Fab Kills . | . . . . Hacking | -11 -10 -9 -9 --------- Run | Jun Mat Mat Min Machines Accessed 5 | . 1 4 . Terminals 4 | . . 4 . Fabricators . | . . . . Repair Stations . | . . . . Recycling Units 1 | . 1 . . Scanalyzers . | . . . . Garrison Access . | . . . . Total Hacks 11 | . 3 8 . Successful 9 | . 2 7 . Failed 2 | . 1 1 . Catastrophic 1 | . 1 . . Database Lockouts . | . . . . Manual . | . . . . Terminals 8 | . . 8 . Fabricators . | . . . . Repair Stations . | . . . . Recycling Units 3 | . 3 . . Scanalyzers . | . . . . Garrison Access . | . . . . Terminal Hacks 7 | . . 7 . Record 2 | . . 2 . Prototype ID Bank 1 | . . 1 . Locate Traps 2 | . . 2 . Dispatch Records 1 | . . 1 . Hauler Manifests 1 | . . 1 . Fabricator Hacks . | . . . . Repair Station Hacks . | . . . . Recycling Unit Hacks 2 | . 2 . . Recycle Component 1 | . 1 . . Process 1 | . 1 . . Scanalyzer . | . . . . Garrison Access Hacks . | . . . . Unauthorized Hacks . | . . . . Terminals . | . . . . Fabricators . | . . . . Repair Stations . | . . . . Recycling Units . | . . . . Scanalyzers . | . . . . Garrison Access . | . . . . Data Cores Recovered . | . . . . Used . | . . . . Hacking Detections 2 | . 1 1 . Full Trace Events 1 | . 1 . . Feedback Events . | . . . . Feedback Blocked . | . . . . Robot Schematics Acquired . | . . . . Robots Built . | . . . . Authchips . | . . . . Time . | . . . . Total Robot Build Rating . | . . . . Part Schematics Acquired . | . . . . Parts Built . | . . . . Authchips . | . . . . Time . | . . . . Total Part Build Rating . | . . . . Parts Repaired . | . . . . Time . | . . . . Parts Recycled 1 | . 1 . . Recycled Matter 18 | . 18 . . Retrieved Matter . | . . . . Retrieved Components . | . . . . Parts Scanalyzed . | . . . . Part Schematics Acquired . | . . . . Parts Damaged . | . . . . Bothacking | -11 -10 -9 -9 ------------ Run | Jun Mat Mat Min Used RIF Installer . | . . . . Robots Hacked . | . . . . Non-combat . | . . . . Combat . | . . . . Robot Hacks Applied . | . . . . Relay Couplers Released . | . . . . Fabnet Peak Effective % . | . . . . Robots Rewired . | . . . . Allies Hacked . | . . . . Hacks Repelled . | . . . . Allies | -11 -10 -9 -9 -------- Run | Jun Mat Mat Min Total Allies . | . . . . Largest Group . | . . . . Highest-Rated Group . | . . . . Highest-Rated Ally . | . . . . Total Orders . | . . . . Ally Attacks . | . . . . Total Damage . | . . . . Kills . | . . . . Allies Corrupted . | . . . . Allies Melted . | . . . . Intel | -11 -10 -9 -9 ------- Run | Jun Mat Mat Min Robot Analysis Total . | . . . . Derelict Logs Recovered . | . . . . Drone Launches . | . . . . Drone Recoveries . | . . . . Exploration | -11 -10 -9 -9 ------------- Run | Jun Mat Mat Min Turns Passed 2245 | 636 320 1248 41 Spaces Moved 823 | 129 177 500 17 Core 18 | 18 . . . Treads 805 | 111 177 500 17 Legs . | . . . . Wheels . | . . . . Hover . | . . . . Flight . | . . . . Fastest Speed 50 | 50 160 145 145 Average Speed 152 | 144 160 151 145 Slowest Speed 160 | 160 160 160 145 Overloaded Moves . | . . . . Propulsion Burnouts . | . . . . Robots Hopped . | . . . . Cave-ins Triggered . | . . . . Exploration Rate (%) 22 | 9 27 45 9 Regions Visited 3 Branch Regions 1 Pre-discovered Areas . | . . . . Known Exits Taken . | . . . . Unknown Exits Taken 3 | 1 1 1 . Scrap Searched . | . . . . Spaces Dug . | . . . . Terrain Destroyed . | . . . . Melee . | . . . . Projectile . | . . . . AOE . | . . . . Terrain Rammed . | . . . . Walls Destroyed . | . . . . Machines Disabled . | . . . . Actions | -11 -10 -9 -9 --------- Run | Jun Mat Mat Min Total 1669 | 565 212 864 28 Wait 698 | 413 30 255 . Move 820 | 128 176 499 17 Hop . | . . . . Pick Up 26 | 9 5 12 . Fast Attach . | . . . . Attach 24 | 7 . 15 2 Detach 5 | . . 5 . Swap . | . . . . Drop 8 | 1 . 7 . Fire 82 | 7 1 71 3 Melee . | . . . . Ram 3 | . . . 3 Kick . | . . . . Crush 3 | . . . 3 Escape Stasis . | . . . . Rewire . | . . . . Trap . | . . . . Miscellaneous . | . . . . Route ------- -11/Junkyard -10/Materials (discovered 2 exits: *Mat / [*Min]) -9/Materials -9/Mines (discovered 1 exit: [*Mat]) History --------- Turn | Location | Event 24 | -11/Junkyard | Discovered new exit (range 14) 637 | -11/Junkyard | Entered Materials 637 | -10/Materials | Discovered new exit (range 14) 638 | -10/Materials | Build established: Mutant 869 | -10/Materials | Discovered new exit (range 7) 957 | -10/Materials | Entered another Materials area 957 | -9/Materials | Evolved 2 slots: Utility x2 1986 | -9/Materials | Discovered new exit (range 13) 2169 | -9/Materials | Lost 3 parts (1p1u1w) 2205 | -9/Materials | Entered Mines 2205 | -9/Mines | Discovered new exit (range 8) 2206 | -9/Mines | Assembled infested the area 2238 | -9/Mines | Core integrity fell below 50% 2243 | -9/Mines | Core integrity fell below 20% 2246 | -9/Mines | Destroyed by as-33480 with Assembled Blade Last Messages --------------- Adv. Treads destroyed. Ion Engine destroyed. Slammed into as-92735. Beam Rifle destroyed. System corrupted by crushing effect (+5). Slammed into as-92735. Seismic Detector destroyed. Slammed into as-92735. Adv. Treads destroyed. Hardlight Generator destroyed. Core Shielding destroyed. as-58911 suffers critical hit (Destroy). Slammed into as-92735. Acquired 2 matter. Lgt. Treads destroyed. D-53 Grenadier unfolds itself. Slammed into as-92735. Ion Engine destroyed. System corrupted by crushing effect (+3). Slammed into as-92735. Map ----- +----------------------------------------------------+ | ????????????????????????????????????????????????? | | ????????????????????????????????????????????????? | | ????????????????????????????????????????????????? | | ????????????????????????????????????????????????? | | ????????????????????????????????????????????????? | | ????????????????????????????????????????????????? | | ????????????????????????????????????????????????? | | ????????????????????????????????????????????????? | | ????????????????????????????????????????????????? | | ????????????????????????????????????????????????? | | ????????????????????????????????????????????????? | | ????????????????????????????????????????????????? | | ????????????????????????????????????????????????? | | ????????????????????????????????????????????????? | | ????????????????????????###?????????????????????? | | ???????????????????????? ?#?????????????????? | | ???????????????????????? #?????????????????? | | ????????????????????????# """ #?????????????????? | | ???????????????????????## """ #?????????????????? | | ???????????????????????# """ #?????????????????? | | ???????????????????????# #?????????????????? | | ???????????????????????# #?????????????????? | | ???????????????????????# #??????????????????? | | ????????????????????????# #???????????????????? | | ???????????????????????##a ##??????????????????? | | ???????????????????????#@aa #??????????????????? | | ???????????????????????#aa ##########?????????? | | ??????????????????????##aaa ????????? | | ?????????????????????## a =d ???????? | | ????????????????????## a aa # #########????????? | | ????????????????????# ## #????????????????? | | ????????????????????# a a #?? #????????????????? | | ????????????????????## ##?? #????????????????? | | ????????????????????## #???? ????????????????? | | ????????????# #### a #???? #???????????????? | | ???????????# #?????#???????????????? | | ??????? %% ## ##?????????????????????? | | ???????" ##